 Dungeon Crawl Stone Soup version 0.21-a0-516-gaaff437 (webtiles) character file.

349055 Laiders the Tortoise (level 21, -4/201 HPs)
             Began as a Minotaur Berserker on Dec 3, 2017.
             Was a High Priest of Trog.
             Slain by a vault guard
             ... wielding a +1 long sword of draining
              (22 damage)
             ... on level 5 of the Vaults.
             The game lasted 02:20:54 (42569 turns).

Laiders the Tortoise (Minotaur Berserker)          Turns: 42569, Time: 02:20:55

Health: -4/201     AC: 34    Str: 36    XL:     21   Next: 24%
Magic:  29/29      EV: 21    Int: 11    God:    Trog [*****.]
Gold:   516        SH: 12    Dex: 16    Spells: 20/20 levels left

rFire    + . .     SeeInvis +   O - +9 eveningstar (flame)
rCold    + . .     Gourm    .   N - +3 warlock's mirror {reflect}
rNeg     . . .     Faith    .   K - +4 plate armour "Ygavokk" {rC+ Str+3 Int+2 Dex+3}
rPois    +         Spirit   .   (helmet unavailable)
rElec    +         Reflect  +   X - +2 cloak {rPois}
rCorr    .         Harm     .   m - +2 pair of gloves {Str+3}
MR       ++++.     Clarity  +   M - +2 pair of boots {Stlth+}
Stlth    ..........             F - amulet of regeneration
HPRegen  1.83/turn              t - ring of see invisible
MPRegen  0.21/turn              v - ring of Vovid {rElec rF+ Str+2 Int+2}

@: berserk cooldown, regenerating, slowed, very slow
A: retaliatory headbutt, horns 3, clarity, clever 1, magic resistance 1
}: 2/15 runes: decaying, gossamer
a: Berserk, Trog's Hand, Brothers in Arms, Burn Spellbooks, Renounce Religion


You were on level 5 of the Vaults.
You worshipped Trog.
Trog was extremely pleased with you.
You were near starving.

You visited 7 branches of the dungeon, and saw 39 of its levels.
You visited the Abyss 2 times.
You visited 1 bazaar.
You also visited: Sewer, Bailey and Ice Cave.

You collected 5663 gold pieces.
You spent 5147 gold pieces at shops.

Inventory:

Hand Weapons
 O - a +9 eveningstar of flaming (weapon)
Missiles
 o - 37 tomahawks (quivered)
Armour
 m - a +2 pair of gloves of strength (worn)
 H - the +2 shield of Bad Feelings {rF+ Str+4}
   (You took it off Donald on level 3 of the Swamp)

   It affects your strength (+4).
   It protects you from fire.
 K - the +4 plate armour "Ygavokk" (worn) {rC+ Str+3 Int+2 Dex+3}
   (You found it in a bailey)

   It affects your strength (+3).
   It affects your intelligence (+2).
   It affects your dexterity (+3).
   It protects you from cold.
 M - a +2 pair of boots of stealth (worn)
 N - the +3 warlock's mirror (worn) {reflect}
   (You found it on level 10 of the Dungeon)
 X - a +2 cloak of poison resistance (worn)
 Z - the +9 large shield of Oblivion {+Inv rElec SInv}
   (You found it in a bailey)

   It insulates you from electricity.
   It lets you see invisible.
   It lets you turn invisible.
Jewellery
 h - an uncursed ring of positive energy
 s - an uncursed ring of resist corrosion
 t - a ring of see invisible (left hand)
 v - the ring of Vovid (right hand) {rElec rF+ Str+2 Int+2}
   (You took it off a deep elf sorcerer on level 3 of the Elven Halls)

   [ring of protection from fire]

   It affects your strength (+2).
   It affects your intelligence (+2).
   It protects you from fire.
   It insulates you from electricity.
 D - an uncursed ring of protection from magic
 F - an amulet of regeneration (around neck)
Wands
 a - a wand of disintegration (12)
 j - a wand of paralysis (84)
 r - a wand of scattershot (19)
 w - a wand of digging (30)
 x - a wand of acid (9)
 J - a wand of iceblast (18)
 U - a wand of clouds (11)
 W - a wand of enslavement (30)
Scrolls
 f - 16 scrolls of teleportation
 n - 23 scrolls of remove curse
 y - 6 scrolls of blinking
 P - 17 scrolls of identify
 Q - 2 scrolls of holy word
 R - a scroll of silence
 S - 2 scrolls of fear
 T - 5 scrolls of magic mapping
 V - 5 scrolls of fog
Potions
 d - 4 potions of ambrosia
 e - 2 potions of cancellation
 g - 12 potions of curing
 k - 4 potions of might
 l - a potion of heal wounds
 p - 5 potions of agility
 u - 4 potions of flight
 z - 5 potions of lignification
 B - 3 potions of mutation
 E - 3 potions of resistance
 G - 2 potions of invisibility
 L - 5 potions of haste
Miscellaneous
 q - a phantom mirror
 Y - a lightning rod (4/4)
Comestibles
 b - 9 royal jellies
 c - 9 bread rations
 i - 6 fruits
 I - 18 meat rations


   Skills:
 - Level 20.0 Fighting
 - Level 16.0 Maces & Flails
 - Level 10.0 Throwing
 - Level 20.0 Armour
 + Level 17.5 Dodging
 + Level 17.7 Shields
 + Level 12.0 Evocations


You had 20 spell levels left.
You didn't know any spells.

Dungeon Overview and Level Annotations

Branches:
Dungeon (15/15)            Temple (0/1) D:5            Lair (6/6) D:9
  Swamp (4/4) Lair:3       Spider (4/4) Lair:3        Slime (0/5) Lair:6
    Orc (2/2) D:11            Elf (3/3) Orc:2        Vaults (5/5) D:14
  Crypt (0/3) Vaults:2     Depths (0/5) D:15

Altars:
Dithmenos
Elyvilon
Gozag
Kikubaaqudgha
Makhleb
Nemelex Xobeh
Qazlal
Sif Muna
Trog
Yredelemnul
Zin
Beogh
Jiyva

Shops:
D:4 }   Orc:2 :[%*=   Elf:3 [   Vaults:4 [[}%

Portals:
Pandemonium: Orc:2


Innate Abilities, Weirdness & Mutations

You reflexively headbutt those who attack you in melee.
You have a pair of large horns on your head.
You possess an exceptional clarity of mind.
Your mind is acute. (Int +2)
You are resistant to hostile enchantments. (MR+)


Message History

The vault warden hits you with a dire flail of crushing!
* * * LOW HITPOINT WARNING * * *
x2 The vault guard hits you but does no damage.
The vault guard barely misses you. You furiously retaliate!
You headbutt the vault guard!!
You flatten the vault guard like a pancake!!!
You burn the vault guard!
The vault guard is severely wounded.
You hear a shout!
You block the vault guard's attack. x2
The vault guard hits you from afar with an enchanted glaive!
* * * LOW HITPOINT WARNING * * *
The vault guard hits you with a dire flail!
* * * LOW HITPOINT WARNING * * *
The ironbrand convoker casts a spell at the vault guard.
The vault guard seems to grow stronger.
The vault guard hits you with a war axe!
* * * LOW HITPOINT WARNING * * *
The vault guard hits you with a long sword of draining!!
You die...

..#....# #.#....#
. #.#....# .#
###.#....##.#
..........#
######..pppp..###
........pppp.....
.......pp@pp.....
.......pppppu....
.......pDpHe.....
######..eQT...###
#....*...uu#
#..#....#...#
.###....##.#. D.
#....# ##


You could see 2 very ugly things, 2 quicksilver dragons, a sphinx, a vault
warden, a tengu reaver, 16 vault guards, a white ugly thing, a deep elf
sorcerer, a deep troll, 2 ironbrand convokers, a deep elf mage and a
battlesphere.

Vanquished Creatures
  Saint Roka (Elf:3)
  Nikola (Swamp:3)
  Jorgrun (Vaults:3)
  2 liches (Abyss:2)
  A deep elf master archer (Elf:3)
  2 deep elf blademasters
  A tentacled starspawn (Abyss:2)
  Kirke (Spider:1)
  2 sphinxes
  Donald (Swamp:3)
  2 deep elf sorcerers (Elf:3)
  A frost giant (Vaults:3)
  12 vault wardens
  9 ghost moths
  The ghost of Aviak the Carver, a journeyman FoFi of Okawaru (Orc:1)
  A reaper (Abyss:4)
  11 emperor scorpions
  3 deep elf elementalists (Elf:3)
  7 ironheart preservers
  5 very ugly things
  7 entropy weavers
  2 stone giants
  The ghost of brew9 the Unseen, a journeyman KoHu of Trog (Lair:5)
  6 deep elf demonologists (Elf:3)
  A dire elephant (D:15)
  6 deep elf annihilators
  An ettin (Vaults:3)
  2 deep elf death magi (Elf:3)
  2 fire dragons
  2 deep elf high priests
  A crystal guardian (Vaults:3)
  2 large abominations
  An ice dragon (Lair:6)
  13 vault guards
  6 yaktaur captains
  2 great orbs of eyes
  21 hydras
  2 ghost crabs
  6 ogre magi
  Erica (D:10)
  7 centaur warriors
  A catoblepas (D:14)
  An alligator (Swamp:1)
  19 two-headed ogres
  3 deep troll earth magi (Vaults:1)
  A queen ant (Lair:4)
  19 dancing weapons
  10 death yaks (Lair:6)
  A deep troll shaman (Vaults:1)
  A thrashing horror (Abyss:2)
  Urug (D:10)
  5 orc high priests
  A tengu warrior (D:15)
  A vampire mage (Abyss:2)
  Sonja (D:11)
  The ghost of Fingolfin the Fighter, a novice DrIE of Okawaru (D:7)
  17 deep elf knights
  A deep troll (Vaults:1)
  3 unseen horrors
  A wretched star (Abyss:2)
  8 deep elf archers
  An infernal demonspawn (Orc:2)
  4 shambling mangroves
  14 swamp dragons
  A glowing orange brain (Vaults:3)
  A torturous demonspawn (Orc:2)
  A gelid demonspawn (Orc:2)
  The ghost of Aviak the Destroyer, a novice TeCj of Vehumet (D:8)
  6 wizards
  A phantasmal warrior (D:14)
  Pikel (D:4)
  19 ironbrand convokers
  13 orc knights
  3 necromancers
  A glowing orange brain (shapeshifter) (Vaults:3)
  5 cyclopes
  3 orc sorcerers (Orc:2)
  A worldbinder (Abyss:4)
  4 lindwurms
  20 wolf spiders
  2 manticores (shapeshifter)
  A stone giant zombie (Vaults:4)
  47 deep elf magi
  12 orb spiders
  A manticore (D:13)
  17 ugly things
  20 elephants
  A salamander (D:15)
  2 moths of wrath
  5 centaur zombies
  An apocalypse crab (Abyss:4)
  An ice statue (IceCv)
  5 black mambas
  2 smoke demons (Abyss:2)
  A gargoyle (D:14)
  An orange demon (Abyss:2)
  12 vault sentinels
  7 torpor snails
  A komodo dragon (shapeshifter) (Vaults:3)
  A kobold demonologist (D:14)
  16 spiny frogs
  39 yaktaurs
  2 freezing wraiths
  3 rime drakes
  5 demonic crawlers
  8 ice devils
  14 komodo dragons
  2 hellwings (Orc:2)
  2 ancient zymes
  11 trolls
  2 tengu conjurers (D:13)
  30 jumping spiders
  A polar bear (shapeshifter) (Vaults:1)
  A merfolk (D:10)
  9 tyrant leeches
  17 hornets
  4 raiju (Abyss:4)
  38 slime creatures
  21 blink frogs
  A sphinx simulacrum (Vaults:1)
  A stone giant simulacrum (Vaults:1)
  3 fire giant simulacra
  A flying skull (Abyss:2)
  13 hippogriffs
  6 bog bodies
  An air elemental (Elf:2)
  17 tarantellas
  Sigmund (D:2)
  A wraith (Vaults:1)
  2 ynoxinuls (Abyss:2)
  73 redbacks
  4 spriggans
  2 shadows
  A tarantella (shapeshifter) (D:14)
  A vampire (D:12)
  A spriggan (shapeshifter) (D:14)
  3 water elementals
  4 fire elementals
  21 yaks
  A hog (Spider:1)
  Grum (D:9)
  4 wyverns
  A small abomination (Abyss:2)
  21 vampire mosquitoes
  3 chaos spawn
  2 neqoxecs
  A steam dragon (Lair:4)
  2 basilisks
  A hungry ghost (D:10)
  17 swamp worms
  6 wargs
  3 insubstantial wisps (Abyss:2)
  A human zombie (Vaults:4)
  12 water moccasins
  5 porcupines
  16 soldier ants
  2 acid dragons
  3 hell hounds (Abyss:2)
  42 orc warriors
  A soldier ant (shapeshifter) (Vaults:3)
  9 swamp drakes
  2 sky beasts
  A slave (D:4)
  An eye of draining (shapeshifter) (Vaults:1)
  A hornet zombie (D:8)
  5 ice beasts
  5 black bears
  2 necrophages
  2 phantoms
  23 ogres
  21 centaurs
  23 wolves
  10 crocodiles
  An elf skeleton (Vaults:4)
  3 big kobolds
  13 bullfrogs
  3 gnoll sergeants
  2 earth elementals (Elf:1)
  2 scorpions
  7 killer bees
  3 electric eels
  5 howler monkeys
  5 crimson imps
  3 starcursed masses (Abyss:2)
  2 quasits
  A draconian simulacrum (IceCv)
  12 hounds
  Crazy Yiuf (D:2)
  3 jellies
  14 orc wizards
  20 orc priests
  6 centaur skeletons
  2 iguanas
  3 troll simulacra (IceCv)
  17 worker ants
  A spriggan simulacrum (IceCv)
  2 centaur simulacra (IceCv)
  A worker ant zombie (D:6)
  10 adders
  7 gnolls
  A howler monkey skeleton (D:9)
  A naga simulacrum (IceCv)
  2 ogre simulacra (IceCv)
  3 shadow imps
  A white imp (Abyss:2)
  5 oozes
  2 adder skeletons
  9 worms
  3 dart slugs
  11 leopard geckos
  96 orcs
  3 ball pythons
  8 giant cockroaches
  4 goblins (D:1)
  9 hobgoblins
  7 jackals
  15 kobolds
  3 quokkas
  14 bats
  8 frilled lizards
  A leopard gecko skeleton (D:4)
  2 leopard gecko zombies (D:6)
  2 quokka skeletons
  7 rats
  2 crawling corpses (Elf:3)
  A fungus (Lair:4)
  2 plants (Lair:6)
1496 creatures vanquished.

Vanquished Creatures (collateral kills)
  Bai Suzhen (Elf:3)
  Arachne (Spider:2)
  A deep elf blademaster (Elf:3)
  Roxanne (Swamp:1)
  A vault warden (Vaults:2)
  An ironheart preserver (Vaults:2)
  A deep elf annihilator (Elf:1)
  A fire dragon (Swamp:4)
  A yaktaur captain (Vaults:2)
  A deep elf high priest (Elf:3)
  3 vault guards
  A hydra (Swamp:4)
  2 two-headed ogres (Vaults:1)
  A centaur warrior (Vaults:2)
  An ogre mage (Vaults:1)
  A dancing weapon (Elf:2)
  2 orc high priests (Orc:2)
  A deep elf knight (Elf:2)
  An unseen horror (shapeshifter) (Vaults:2)
  3 slime creatures (D:13)
  A wizard (D:10)
  A shambling mangrove (Swamp:4)
  A deep elf archer (Elf:2)
  An unseen horror (Vaults:1)
  A lindwurm (Lair:6)
  2 orc knights
  7 deep elf magi
  2 orc sorcerers (Orc:2)
  3 ugly things (Vaults:2)
  A wolf spider (Spider:1)
  A vault sentinel (Vaults:2)
  An ice statue (IceCv)
  A freezing wraith (Vaults:2)
  A jumping spider (Spider:2)
  A yak (Lair:6)
  A wraith (Abyss:2)
  A basilisk (D:12)
  A redback (Spider:4)
  2 hogs (Spider:1)
  5 soldier ants (Lair:4)
  An ice beast (D:13)
  6 orc warriors
  An ogre (Vaults:1)
  A killer bee (D:10)
  3 starcursed masses (Abyss:2)
  3 orc priests (Orc:2)
  6 worker ants (Lair:4)
  2 orcs
84 creatures vanquished.

Vanquished Creatures (others)
  A deep elf master archer (Elf:3)
  A deep elf sorcerer (Vaults:4)
  A centaur warrior (Vaults:1)
  A swamp dragon (Swamp:3)
  A wizard (D:10)
  An orb spider (Spider:1)
  4 yaktaurs
  A tyrant leech (Swamp:3)
  A human (Spider:1)
  An orc warrior (Orc:2)
  An orc wizard (Vaults:4)
  An orc (Vaults:1)
  A kobold (D:11)
  A fungus (Lair:1)
  5 plants (Lair:6)
  12 starspawn tentacles (Abyss:2)
34 creatures vanquished.

Grand Total: 1614 creatures vanquished

Notes
Turn   | Place    | Note
-------+----------+-------------------------------------------
     0 | D:1      | Laiders the Minotaur Berserker began the quest for the Orb.
     0 | D:1      | Reached XP level 1. HP: 19/19 MP: 0/0
   104 | D:1      | Reached XP level 2. HP: 11/26 MP: 1/1
   571 | D:1      | Reached skill level 5 in Maces & Flails
   640 | D:1      | Reached XP level 3. HP: 28/31 MP: 2/2
  1166 | D:2      | Noticed Sigmund
  1174 | D:2      | Killed Sigmund
  1174 | D:2      | Reached ** piety under Trog
  1174 | D:2      | Reached XP level 4. HP: 39/39 MP: 3/3
  1174 | D:2      | Reached XP level 5. HP: 45/45 MP: 4/4
  1422 | D:2      | Found a runed door.
  2043 | D:2      | Noticed Crazy Yiuf
  2047 | D:2      | Killed Crazy Yiuf
  2257 | D:3      | Reached XP level 6. HP: 50/51 MP: 5/5
  2651 | D:3      | Found a faded altar of an unknown god.
  3430 | D:4      | Reached XP level 7. HP: 47/57 MP: 6/6
  3703 | D:4      | Reached skill level 1 in Shields
  3750 | D:4      | Found Cumulote's Gadget Boutique.
  3910 | D:4      | Noticed Pikel
  3931 | D:4      | Killed Pikel
  3931 | D:4      | Reached skill level 10 in Maces & Flails
  3931 | D:4      | Reached XP level 8. HP: 64/64 MP: 7/7
  3977 | D:5      | Entered Level 5 of the Dungeon
  4019 | D:5      | Got a pitted hat
  4025 | D:5      | Identified the cursed +0 hat of the Jolly Curses {rElec} (You found it on level 5 of the Dungeon)
  4143 | D:5      | Found a staircase to the Ecumenical Temple.
  4286 | D:5      | Found a shadowy altar of Dithmenos.
  4335 | D:5      | Reached *** piety under Trog
  4731 | D:5      | Found a sparkling altar of Nemelex Xobeh.
  4903 | D:6      | Found a glowing drain.
  5027 | Sewer    | Entered a sewer
  5864 | D:6      | Noticed a troll
  5869 | D:6      | Killed a troll
  6042 | D:6      | Reached XP level 9. HP: 70/70 MP: 8/8
  6048 | D:6      | Reached **** piety under Trog
  6129 | D:6      | Found a bloodstained altar of Trog.
  6129 | D:6      | Found an ancient bone altar of Kikubaaqudgha.
  6167 | D:6      | Found an opulent altar of Gozag.
  6167 | D:6      | Found a deep blue altar of Sif Muna.
  6168 | D:6      | Found a burning altar of Makhleb.
  6169 | D:6      | Found a stormy altar of Qazlal.
  6170 | D:6      | Found a glowing silver altar of Zin.
  6574 | D:7      | Noticed Fingolfin's ghost (novice DrIE)
  6581 | D:7      | Reached skill level 1 in Evocations
  6592 | D:7      | Killed Fingolfin's ghost
  6592 | D:7      | Reached skill level 5 in Fighting
  6903 | D:7      | Killed an unseen horror
  6903 | D:7      | Reached skill level 5 in Armour
  6903 | D:7      | Reached XP level 10. HP: 23/83 MP: 11/11
  7446 | D:8      | Noticed Aviak's ghost (novice TeCj)
  7468 | D:8      | Killed Aviak's ghost
  8308 | D:9      | Reached ***** piety under Trog
  8343 | D:9      | Reached skill level 5 in Evocations
  8407 | D:9      | Noticed Grum
  8420 | D:9      | Killed Grum
  8572 | D:9      | Found a staircase to the Lair.
  9106 | D:10     | Entered Level 10 of the Dungeon
  9360 | D:10     | Noticed a wizard
  9374 | D:10     | Killed a wizard
  9423 | D:10     | Found the +3 warlock's mirror {reflect}
  9425 | D:10     | Noticed a wizard
  9428 | D:10     | Noticed a wizard
  9434 | D:10     | Reached XP level 11. HP: 97/97 MP: 13/13
  9434 | D:10     | Killed a wizard
  9441 | D:10     | Killed a wizard
  9467 | D:10     | Noticed a wizard
  9469 | D:10     | Noticed a wizard
  9479 | D:10     | Killed a wizard
  9485 | D:10     | Killed a wizard
  9485 | D:10     | Reached skill level 10 in Fighting
  9548 | D:10     | Noticed Erica
  9555 | D:10     | Killed Erica
  9555 | D:10     | Reached skill level 10 in Armour
  9696 | D:10     | Noticed Urug
  9708 | D:10     | Killed Urug
 10215 | D:10     | Noticed a wizard
 10222 | D:10     | Killed a wizard
 10511 | D:11     | Found a flickering gateway to a bazaar.
 10535 | Bazaar   | Entered a bazaar
 10535 | Bazaar   | Found Datrusod's Book Shoppe.
 10560 | Bazaar   | Found Poetisym's Food Emporium.
 10570 | Bazaar   | Found Ovisithra's Food Emporium.
 10581 | Bazaar   | Found Joyn's Magic Scroll Boutique.
 10592 | Bazaar   | Found Xiraeb's Armour Boutique.
 10596 | Bazaar   | Bought a scroll of fear for 63 gold pieces
 10596 | Bazaar   | Bought a scroll of magic mapping for 63 gold pieces
 10596 | Bazaar   | Bought a scroll of magic mapping for 63 gold pieces
 10608 | Bazaar   | Bought a +2 pair of gloves for 132 gold pieces
 10736 | D:11     | Noticed a red ugly thing
 10746 | D:11     | Killed a red ugly thing
 10903 | D:11     | Noticed Sonja
 11188 | D:11     | Found a staircase to the Orcish Mines.
 11623 | D:11     | Reached skill level 15 in Maces & Flails
 11824 | D:11     | Killed Sonja
 11824 | D:11     | Received a gift from Trog
 12348 | D:12     | Noticed an orc knight
 12361 | D:12     | Killed an orc knight
 12452 | D:12     | Reached skill level 5 in Dodging
 12452 | D:12     | Reached XP level 12. HP: 106/106 MP: 15/15
 13532 | D:13     | Noticed a two-headed ogre
 13535 | D:13     | Noticed a centaur warrior
 13542 | D:13     | Killed a two-headed ogre
 13549 | D:13     | Killed a centaur warrior
 14117 | D:13     | Noticed a two-headed ogre
 14126 | D:13     | Killed a two-headed ogre
 14349 | D:13     | Reached XP level 13. HP: 86/113 MP: 18/18
 14797 | D:14     | Found a flagged portal.
 14811 | Bailey   | Entered a bailey
 15414 | Bailey   | Got a smoking plate armour
 15419 | Bailey   | Got a twisted large shield
 15434 | Bailey   | Identified the +4 plate armour "Ygavokk" {rC+ Str+3 Int+2 Dex+3} (You found it in a bailey)
 15445 | Bailey   | Identified the +9 large shield of Oblivion {+Inv rElec SInv} (You found it in a bailey)
 15673 | D:14     | Got a translucent buckler
 15684 | D:14     | Identified the +3 buckler "Gomoyn" {+Blink Str+2 Int+2} (You found it on level 14 of the Dungeon)
 15996 | D:14     | Found a gate to the Vaults.
 16324 | D:15     | Entered Level 15 of the Dungeon
 16335 | D:15     | Reached skill level 10 in Dodging
 16452 | D:15     | Reached skill level 10 in Evocations
 16566 | D:15     | Found a staircase to the Depths.
 16566 | D:15     | Noticed a dire elephant
 16582 | D:15     | Killed a dire elephant
 16582 | D:15     | Reached skill level 5 in Shields
 16661 | D:15     | Noticed a fire dragon
 16670 | D:15     | Killed a fire dragon
 16670 | D:15     | Received a gift from Trog
 17277 | Lair:1   | Entered Level 1 of the Lair of Beasts
 18112 | Lair:2   | Received a gift from Trog
 18276 | Lair:2   | Reached XP level 14. HP: 92/126 MP: 20/20
 18295 | Lair:2   | Found a white marble altar of Elyvilon.
 18671 | Lair:3   | Found a staircase to the Swamp.
 19258 | Lair:3   | Found a hole to the Spider Nest.
 19284 | Lair:3   | Reached skill level 10 in Shields
 19942 | Lair:4   | Found a frozen archway.
 19997 | IceCv    | Entered an ice cave
 20599 | Lair:4   | Noticed an entropy weaver
 20606 | Lair:4   | Killed an entropy weaver
 20670 | Lair:4   | Noticed an entropy weaver
 20683 | Lair:4   | Killed an entropy weaver
 20708 | Lair:4   | Received a gift from Trog
 21215 | Lair:5   | Noticed brew9's ghost (journeyman KoHu)
 21222 | Lair:5   | Killed brew9's ghost
 21831 | Lair:6   | Entered Level 6 of the Lair of Beasts
 21836 | Lair:6   | Reached skill level 15 in Fighting
 21837 | Lair:6   | Reached XP level 15. HP: 141/141 MP: 21/21
 22127 | Lair:6   | Received a gift from Trog
 22217 | Lair:6   | Received a gift from Trog
 22303 | Lair:6   | Found a staircase to the Slime Pits.
 22303 | Lair:6   | Found a viscous altar of Jiyva.
 22800 | Lair:6   | Found a runed door.
 22848 | Lair:6   | Reached skill level 15 in Armour
 23282 | Swamp:1  | Entered Level 1 of the Swamp
 23445 | Swamp:1  | Noticed Roxanne
 23923 | Swamp:1  | Killed Roxanne
 24286 | Swamp:2  | Reached XP level 16. HP: 151/151 MP: 22/22
 25050 | Swamp:3  | Noticed Donald
 25064 | Swamp:3  | Killed Donald
 25092 | Swamp:3  | Got a faintly glowing shield
 25128 | Swamp:3  | Identified the +2 shield of Bad Feelings {rF+ Str+4} (You took it off Donald on level 3 of the Swamp)
 25244 | Swamp:3  | Noticed Nikola
 25271 | Swamp:3  | Killed Nikola
 25981 | Swamp:4  | Entered Level 4 of the Swamp
 26251 | Swamp:4  | Got a decaying rune of Zot
 26321 | Swamp:4  | Received a gift from Trog
 26942 | Spider:1 | Entered Level 1 of the Spider Nest
 27074 | Spider:1 | Noticed Kirke
 27220 | Spider:1 | Killed Kirke
 28261 | Spider:2 | Noticed Arachne
 28268 | Spider:2 | Killed Arachne
 28677 | Spider:2 | Reached XP level 17. HP: 158/158 MP: 23/23
 29431 | Spider:3 | Gained mutation: Scrolls take you a little longer to read. [potion of mutation]
 29431 | Spider:3 | Gained mutation: You have a pair of large horns on your head. [potion of mutation]
 29432 | Spider:3 | Lost mutation: You have a pair of large horns on your head. [potion of mutation]
 29432 | Spider:3 | Lost mutation: Scrolls take you a little longer to read. [potion of mutation]
 29432 | Spider:3 | Gained mutation: Armour fits poorly on your strangely shaped body. [potion of mutation]
 29432 | Spider:3 | Lost mutation: Armour fits poorly on your strangely shaped body. [potion of mutation]
 29432 | Spider:3 | Gained mutation: You can translocate small distances at will. [potion of mutation]
 30021 | Spider:3 | Reached skill level 15 in Shields
 30071 | Spider:4 | Entered Level 4 of the Spider Nest
 30100 | Spider:3 | Received a gift from Trog
 30405 | Spider:4 | Reached skill level 15 in Dodging
 30620 | Spider:4 | Reached ****** piety under Trog
 30981 | Spider:4 | Received a gift from Trog
 31015 | Spider:4 | Got a gossamer rune of Zot
 31359 | Orc:1    | Entered Level 1 of the Orcish Mines
 31366 | Orc:1    | Noticed Aviak's ghost (journeyman FoFi)
 31385 | Orc:1    | Killed Aviak's ghost
 31511 | Orc:1    | Found a roughly hewn altar of Beogh.
 31857 | Orc:2    | Entered Level 2 of the Orcish Mines
 31955 | Orc:2    | Found Xoeblumid's Jewellery Shop.
 32248 | Orc:2    | Found a staircase to the Elven Halls.
 32289 | Orc:2    | Reached XP level 18. HP: 153/168 MP: 24/24
 32290 | Orc:2    | Found Baowuch's Food Boutique.
 32295 | Orc:2    | Found Peiwn's General Store.
 32438 | Orc:2    | Received a gift from Trog
 32492 | Orc:2    | Found Duyzoir's Book Shoppe.
 32492 | Orc:2    | Found Muthryub's Antique Armour Emporium.
 32497 | Orc:2    | Found a one-way gate leading to the halls of Pandemonium.
 32864 | Elf:1    | Entered Level 1 of the Elven Halls
 33291 | Elf:1    | Received a gift from Trog
 33971 | Elf:2    | Found a huge runed gate.
 33974 | Elf:2    | Found a huge runed gate.
 33974 | Elf:2    | Found a huge runed gate.
 33976 | Elf:2    | Found a huge runed gate.
 33976 | Elf:2    | Found a huge runed gate.
 34031 | Elf:2    | Found a deep blue altar of Sif Muna.
 34500 | Elf:2    | Received a gift from Trog
 35006 | Elf:3    | Entered Level 3 of the Elven Halls
 35100 | Elf:3    | Found Uzyu's Antique Armour Boutique.
 35107 | Elf:3    | Bought a shimmering plate armour for 1008 gold pieces
 35118 | Elf:3    | Identified the +2 plate armour of Trog's Delight {MR+} (You bought it in a shop on level 3 of the Elven Halls)
 35312 | Elf:3    | Noticed Saint Roka
 35337 | Elf:3    | Killed Saint Roka
 35995 | Elf:3    | Noticed Bai Suzhen
 35995 | Elf:3    | Reached XP level 19. HP: 181/181 MP: 25/25
 36021 | Elf:3    | Killed Bai Suzhen
 36266 | Elf:3    | Got a slimy silver ring
 36466 | Elf:3    | Identified the ring of Vovid {rElec rF+ Str+2 Int+2} (You took it off a deep elf sorcerer on level 3 of the Elven Halls)
 36497 | Elf:3    | Got a smoking ruby amulet
 36501 | Elf:3    | Identified the amulet of Elycet {Gourm rElec rPois Int+2} (You took it off a deep elf annihilator on level 3 of the Elven Halls)
 36973 | Vaults:1 | Entered Level 1 of the Vaults
 37149 | Vaults:1 | Received a gift from Trog
 37374 | Vaults:1 | Reached skill level 1 in Throwing
 37691 | Vaults:1 | Reached skill level 5 in Throwing
 38136 | Vaults:1 | Received a gift from Trog
 38631 | Vaults:2 | Reached XP level 20. HP: 174/193 MP: 26/26
 39053 | Vaults:2 | Paralysed by a great orb of eyes for 4 turns
 39071 | Vaults:2 | Reached skill level 10 in Throwing
 39077 | Vaults:2 | Received a gift from Trog
 39517 | Vaults:2 | Found a staircase to the Crypt.
 39517 | Vaults:2 | Found an ancient bone altar of Kikubaaqudgha.
 39520 | Vaults:2 | Found a basalt altar of Yredelemnul.
 39958 | Vaults:3 | Noticed Jorgrun
 39965 | Vaults:3 | Killed Jorgrun
 40003 | Vaults:3 | Received a gift from Trog
 40392 | Vaults:3 | Paralysed by a wizard for 3 turns
 41085 | Vaults:3 | Received a gift from Trog
 41554 | Vaults:4 | Found Vitatol's Gadget Emporium.
 41554 | Vaults:4 | Found Jisunat's Food Boutique.
 41634 | Vaults:4 | Cast into level 2 of the Abyss (a deep elf sorcerer)
 41738 | Abyss:2  | Gained mutation: You are weak. (Str -2) [a neqoxec]
 41741 | Abyss:2  | Gained mutation: Scrolls take you a little longer to read. [a neqoxec]
 41770 | Abyss:2  | Reached XP level 21. HP: 118/201 MP: 28/28
 41965 | Vaults:4 | Escaped the Abyss
 41981 | Vaults:4 | Found Xuylesos's Antique Armour Emporium.
 42005 | Vaults:4 | Lost mutation: You can translocate small distances at will. [potion of mutation]
 42005 | Vaults:4 | Lost mutation: You are weak. (Str -2) [potion of mutation]
 42005 | Vaults:4 | Lost mutation: Scrolls take you a little longer to read. [potion of mutation]
 42005 | Vaults:4 | Gained mutation: You are resistant to hostile enchantments. (MR+) [potion of mutation]
 42005 | Vaults:4 | Gained mutation: Your mind is acute. (Int +2) [potion of mutation]
 42005 | Vaults:4 | Gained mutation: You possess an exceptional clarity of mind. [potion of mutation]
 42005 | Vaults:4 | Gained mutation: You have a pair of large horns on your head. [potion of mutation]
 42017 | Vaults:4 | Found Akiwywk's Armour Shoppe.
 42145 | Vaults:4 | Paralysed by the power of Zot for 4 turns
 42146 | Vaults:4 | Cast into level 4 of the Abyss (the power of Zot)
 42295 | Vaults:4 | Escaped the Abyss
 42314 | Vaults:4 | Received a gift from Trog
 42504 | Vaults:4 | Bought a glowing crystal plate armour for 3818 gold pieces
 42542 | Vaults:5 | Entered Level 5 of the Vaults
 42569 | Vaults:5 | Slain by a vault guard

Vault maps used:
D:1:      onia_arrival_mini_maze
D:2:      first_bread, due_unseen_surprise, uniq_crazy_yiuf_cottage,
          uniq_sigmund
D:3:      chequers_ecumenical_altar_island
D:4:      serial_shops, nicolae_shop_temple_entry_statues_fountains,
          kennysheep_path_1, uniq_pikel
D:5:      nicolae_overflow_hidden_temple,
          nicolae_dithmenos_through_a_glass_darkly, minmay_temple_entry_fiery
D:6:      minitemple, portal_sewer_entry_f
D:9:      lair_entry_dummy, uniq_grum
D:10:     minmay_smoke_and_mirrors, hangedman_stone_soup, serial_bayou_ford_a,
          uniq_urug, uniq_erica
D:11:     kennysheep_orc_monster_closet_entryway, serial_shops,
          bzr_entry_customers, uniq_sonja
D:13:     glass_columns_a
D:14:     david_vaults_4, enter_bailey_2, grunt_decor_cap
D:15:     hangedman_depths_entry_try_elsewhere_first, grunt_decor_mini_mirrors,
          minivault_19
Lair:2:   beast_lair_carwin_large_4, basic_altar
Lair:3:   swamp_mist, nicolae_spider_entry_tight_spaces, beast_lair_carwin_6,
          grunt_megastairs_4
Lair:4:   portal_ice_cave_entry_pillars_2, minivault_26, zaba_antful_of_joy,
          infiniplex_staircase_pool, serial_bayou_shore_a, serial_bayou_shore_b
Lair:6:   wormcave, slime_altar_1, grunt_megastairs_5
Swamp:1:  evilmike_swamp_ruin_house_2, uniq_roxanne
Swamp:2:  evilmike_swamp_ruin_rubble_2
Swamp:3:  nicolae_swamp_feature_on_the_river_bank, uniq_donald, uniq_nikola
Swamp:4:  swamp_alternative
Spider:1: uniq_kirke
Spider:2: uniq_arachne
Spider:3: hangedman_spider_tarantella_strand
Spider:4: grunt_spider_rune_circles
Orc:1:    mines1_david
Orc:2:    pf_orc_diabolical, serial_shops, shop
Elf:1:    minmay_elf_arrival_circle, hangedman_elf_represent, st_stairs_10
Elf:2:    basic_altar, grunt_ministairs_3, st_stairs_11, spider_trap
Elf:3:    elf_hall_gauntlet_narrow, serial_shops, nicolae_shop_trees,
          uniq_saint_roka, uniq_bai_suzhen
Vaults:1: v_misc_33, nicolae_vaults_asterisk, grunt_vaults_swirl,
          nicolae_vaults_big_ls, hangedman_vaults_variations,
          nicolae_vaults_stairing_the_circle, vaults_dpeg_diagonal, v_misc_15,
          nicolae_vaults_network_square, nicolae_vaults_gold_heap,
          nicolae_vaults_little_squares_6, v_misc_15,
          nicolae_vaults_little_squares_6
Vaults:2: vaults_mumra_hex, minmay_crypt_entry_necro_gods, v_alt_pattern_6,
          v_alt_pattern_5, nicolae_vaults_network_quincunx, v_misc_18,
          nicolae_vaults_alarming, nicolae_vaults_little_squares_2
Vaults:3: v_misc_15, nicolae_vaults_network_quinsquares, vaults_room_grid,
          vaults_dpeg_encased_lava, v_misc_4, vaults_room_corners, v_misc_1,
          vaults_mumra_lcd, dpeg_vaults_monster_box, uniq_jorgrun
Vaults:4: v_misc_9, v_misc_15, vaults_dpeg_spiral, st_greater_box_2, v_rooms_6,
          vaults_mumra_chevron, nicolae_vaults_ring_of_whatevers,
          vaults_standard_mumra_x, vaults_dpeg_doors, hangedman_vaults_corner,
          v_misc_15, vaults_room_hallway, nicolae_vaults_yaktaur_gun_rack,
          ontoclasm_vaults_chip, serial_shops, nicolae_shop_trees,
          shop_fountains, nicolae_shop_trees, nicolae_shop_stone, shop
Bazaar:   bazaar_kb_twisted_cavern
Sewer:    sewer_fruit_machine
Bailey:   bailey_polearm_1, bailey
IceCv:    ice_cave_tombish

Skill      XL: |  1  2  3  4  5  6  7  8  9 10 11 12 13 14 15 16 17 18 19 20 21 |
---------------+----------------------------------------------------------------+-----
Maces & Flails | 4 5 7 8 9 10 13 14 15 16 | 16.0
Shields        | 4 8 10 14 16 17 | 17.7
Fighting       | 6 9 10 12 15 16 18 20 | 20.0
Armour         | 5 8 10 13 16 18 20 | 20.0
Evocations     | 3 5 6 9 10 11 12 | 12.0
Dodging        | 5 9 10 13 16 17 | 17.5
Throwing       | 7 10 | 10.0

Action                   |  1- 3 |  4- 6 |  7- 9 | 10-12 | 13-15 | 16-18 | 19-21 || total
-------------------------+-------+-------+-------+-------+-------+-------+-------++-------
Melee: Mace              |    63 |    54 |       |       |       |       |       ||   117
       Headbutt          |     8 |    11 |    40 |   109 |   286 |   327 |   263 ||  1044
       Flail             |       |    52 |   200 |       |       |       |       ||   252
       Morningstar       |       |       |    42 |   254 |       |       |       ||   296
       Eveningstar       |       |       |       |   301 |   962 |  1214 |   808 ||  3285
       Unarmed           |       |       |       |       |       |    21 |       ||    21
Invok: Berserk           |     1 |     2 |     7 |     9 |     9 |    16 |     5 ||    49
       Trog's Hand       |       |     2 |     6 |     5 |     7 |    17 |     8 ||    45
       Burn Spellbooks   |       |       |     1 |     2 |     6 |     5 |     3 ||    17
       Brothers in Arms  |       |       |       |     5 |     8 |    10 |     9 ||    32
Evoke: Wand              |       |       |       |     1 |     2 |    10 |     7 ||    20
       Lightning rod     |       |       |       |       |       |       |     7 ||     7
  Use: Scroll            |       |     4 |     8 |     7 |    15 |     8 |     4 ||    46
       Potion            |       |       |     3 |     2 |     1 |     2 |     2 ||    10
 Stab: Petrified         |       |       |       |       |     3 |       |       ||     3
       Distracted        |       |       |       |       |     1 |       |       ||     1
       Paralysed         |       |       |       |       |       |     9 |       ||     9
  Eat: Chunk             |     1 |    10 |    20 |    31 |    35 |    51 |    23 ||   171
       Royal jelly       |       |       |       |     2 |     3 |     3 |       ||     8
       Fruit             |       |       |       |     2 |     2 |     8 |       ||    12
       Bread ration      |       |       |       |       |     1 |       |     1 ||     2
       Meat ration       |       |       |       |       |       |       |     1 ||     1
Armor: Animal skin       |    13 |    14 |       |       |       |       |       ||    27
       Chain mail        |       |    21 |   132 |   298 |    13 |       |       ||   464
       Plate armour      |       |       |       |       |   484 |   529 |   349 ||  1362
Dodge: Dodged            |    44 |    49 |   129 |   309 |   689 |   868 |   684 ||  2772
Block: Buckler           |       |       |    68 |   195 |   521 |    75 |   588 ||  1447
       Reflection        |       |       |       |    11 |    12 |     9 |    91 ||   123
       Shield            |       |       |       |       |       |  1237 |       ||  1237

Table legend:
 A = Spawn XP
 B = Non-spawn XP
 C = Spawn XP percentage of total XP
 D = Spawn monster count
 E = Non-spawn monster count
 F = Spawn count percentage of total count
 G = Total turns spent on level
                    A         B        C        D         E        F      G
               +---------+---------+-------+---------+---------+-------+---------
         Total |   10852 |  604287 |   1.8 |      22 |    1562 |   1.4 | 42569
               +---------+---------+-------+---------+---------+-------+---------
           D:1 |       0 |      50 |   0.0 |       0 |      25 |   0.0 |  1006
           D:2 |       0 |     317 |   0.0 |       0 |      17 |   0.0 |  1273
           D:3 |       0 |     121 |   0.0 |       0 |      27 |   0.0 |  1039
           D:4 |       0 |    1020 |   0.0 |       0 |      18 |   0.0 |   809
           D:5 |       0 |     454 |   0.0 |       0 |      13 |   0.0 |   888
           D:6 |       0 |    1680 |   0.0 |       0 |      35 |   0.0 |   819
           D:7 |       0 |    2399 |   0.0 |       0 |      19 |   0.0 |   952
           D:8 |       0 |    2074 |   0.0 |       0 |      21 |   0.0 |   929
           D:9 |       0 |    1176 |   0.0 |       0 |      20 |   0.0 |   900
          D:10 |       0 |    7328 |   0.0 |       0 |      31 |   0.0 |  1307
          D:11 |       0 |    4119 |   0.0 |       0 |      52 |   0.0 |  1623
          D:12 |       0 |    6337 |   0.0 |       0 |      29 |   0.0 |   841
          D:13 |       0 |   10919 |   0.0 |       0 |      39 |   0.0 |  1520
          D:14 |       0 |    4136 |   0.0 |       0 |      16 |   0.0 |  1006
          D:15 |       0 |    7786 |   0.0 |       0 |      15 |   0.0 |   775
        Lair:1 |       0 |    3644 |   0.0 |       0 |      16 |   0.0 |   636
        Lair:2 |       0 |   10369 |   0.0 |       0 |      38 |   0.0 |   741
        Lair:3 |       0 |    6652 |   0.0 |       0 |      24 |   0.0 |   968
        Lair:4 |       0 |   14074 |   0.0 |       0 |      60 |   0.0 |  1145
        Lair:5 |       0 |   11540 |   0.0 |       0 |      27 |   0.0 |   939
        Lair:6 |       0 |   31867 |   0.0 |       0 |      85 |   0.0 |  1244
       Swamp:1 |       0 |   11780 |   0.0 |       0 |      26 |   0.0 |   754
       Swamp:2 |       0 |   12853 |   0.0 |       0 |      36 |   0.0 |   763
       Swamp:3 |       0 |   10454 |   0.0 |       0 |      19 |   0.0 |  1247
       Swamp:4 |       0 |   24125 |   0.0 |       0 |      55 |   0.0 |   836
      Spider:1 |       0 |   12372 |   0.0 |       0 |      28 |   0.0 |  1286
      Spider:2 |       0 |   16538 |   0.0 |       0 |      37 |   0.0 |  1170
      Spider:3 |       0 |   14433 |   0.0 |       0 |      32 |   0.0 |   967
      Spider:4 |       0 |   46430 |   0.0 |       0 |      84 |   0.0 |   882
         Orc:1 |       0 |    5038 |   0.0 |       0 |      31 |   0.0 |   513
         Orc:2 |       0 |   14730 |   0.0 |       0 |      70 |   0.0 |  1071
         Elf:1 |       0 |   12389 |   0.0 |       0 |      28 |   0.0 |   908
         Elf:2 |       0 |   43831 |   0.0 |       0 |      64 |   0.0 |  1290
         Elf:3 |       0 |   51538 |   0.0 |       0 |      49 |   0.0 |  1684
      Vaults:1 |       0 |   51759 |   0.0 |       0 |      94 |   0.0 |  1492
      Vaults:2 |       0 |   66071 |   0.0 |       0 |      97 |   0.0 |  1487
      Vaults:3 |       0 |   43433 |   0.0 |       0 |      69 |   0.0 |  1602
      Vaults:4 |       0 |   14066 |   0.0 |       0 |      30 |   0.0 |   508
      Vaults:5 |       0 |    8735 |   0.0 |       0 |       9 |   0.0 |    27
       Abyss:2 |    6692 |    9497 |  41.3 |      13 |      19 |  40.6 |   331
       Abyss:4 |    4160 |       0 | 100.0 |       9 |       0 | 100.0 |   149
         Sewer |       0 |      81 |   0.0 |       0 |      24 |   0.0 |   821
        Bailey |       0 |    2059 |   0.0 |       0 |      14 |   0.0 |   841
         IceCv |       0 |    4013 |   0.0 |       0 |      20 |   0.0 |   447
               +---------+---------+-------+---------+---------+-------+---------
